 Dungeon Crawl Stone Soup version 0.17.1-3-g152610e (webtiles) character file.

129 Inkary the Chiller (level 4, -6/31 HPs)
             Began as a Demonspawn Ice Elementalist on Apr 17, 2016.
             Mangled by a gnoll
             ... wielding a +0 halberd
              (7 damage)
             ... on level 3 of the Dungeon.
             The game lasted 00:20:02 (3175 turns).

Inkary the Chiller (Demonspawn Ice Elementalist)    Turns: 3175, Time: 00:20:02

Health: -6/31      AC:  6    Str:  8    XL:     4   Next: 88%
Magic:  16/17      EV:  8    Int: 17    God:
Gold:   99         SH:  0    Dex: 14    Spells: 3 memorised, 3 levels left

rFire  . . .     SeeInvis .     g - +0 whip (drain)
rCold  . . .     Clarity  .     a - +0 robe
rNeg   + . .     SustAt   .     (no shield)
rPois  .         Gourm    .     (no helmet)
rElec  .         Spirit   .     (no cloak)
rCorr  .         Warding  .     v - +1 pair of gloves
rMut   .         Stasis   .     j - +0 pair of boots
MR     .....                    (no amulet)
Stlth  ++........               q - ring of positive energy
                                o - ring of magical power

@: not resistant to hostile enchantments, unstealthy
A: hooves 1, icy blue scales 1
a: no special abilities


You were on level 3 of the Dungeon.
You were not hungry.

You visited 1 branch of the dungeon, and saw 4 of its levels.

You collected 99 gold pieces.

Inventory:

Hand Weapons
 g - a +0 whip of draining (weapon)
 k - a +1 short sword
Armour
 a - a +0 robe (worn)
 j - a +0 pair of boots (worn)
 v - a +1 pair of gloves (worn)
Jewellery
 o - a ring of magical power (left hand)
 q - a ring of positive energy (right hand)
Scrolls
 l - a scroll of fear
 m - a scroll of remove curse
 n - a scroll of blinking {unknown}
 r - a scroll of identify
Potions
 e - 2 potions of might
 f - a potion of haste
 i - a potion of flight {unknown}
 s - 2 potions of invisibility {unknown}
 t - a potion of curing {unknown}
Books
 b - a book of Frost

   Spells                             Type                      Level
   a - Freeze                         Ice                          1
   b - Throw Frost                    Conjuration/Ice              2
   c - Ozocubu's Armour               Charms/Ice                   3
   d - Throw Icicle                   Conjuration/Ice              4
   e - Summon Ice Beast               Ice/Summoning                4
   f - Condensation Shield            Ice                          4
Comestibles
 c - a bread ration
 d - a slice of pizza
 h - 3 chunks of flesh
 p - 2 meat rations
 u - a beef jerky


   Skills:
 * Level 0.8 Fighting
 + Level 0.0 Maces & Flails
 + Level 2.8 Dodging
 + Level 2.7 Stealth
 - Level 3.0 Spellcasting
 - Level 1.3 Conjurations
 + Level 0.1 Charms
 - Level 3.1 Ice Magic


You had 3 spell levels left.
You knew the following spells:

 Your Spells              Type           Power        Failure   Level  Hunger
a - Freeze                Ice            ##..         6%          1    None
b - Throw Frost           Conj/Ice       ##....       14%         2    ##.....
c - Ozocubu's Armour      Chrm/Ice       #.......     30%         3    ###....


Dungeon Overview and Level Annotations

Branches:
Dungeon (4/15)
 Temple: D:4-7

Altars:
Ru


Innate Abilities, Weirdness & Mutations

You have large cloven feet.
You are partially covered in icy blue scales (AC +1).


Message History

You kill the gnoll!
Your Spellcasting skill increases to level 3!
No target in view!
You start resting.
Eating one of 4 chunks of flesh.
This raw flesh tastes terrible.
You continue eating. x2
Your magical contamination has completely faded away.
You climb upwards.
The gnoll hits you from afar with a halberd!
The gnoll throws a stone.
The stone hits you.
* * * LOW HITPOINT WARNING * * *
The gnoll closely misses you.
There is a stone staircase leading down, spattered with blood here.
Things that are here:
a stone; a club; an orc skeleton You can't go up here!
The gnoll hits you with a spear!
* * * LOW HITPOINT WARNING * * *
The gnoll hits you from afar with a halberd!
You die...

#############
##.....#.....#
##.............
#..............
#...>..........
#..............
########..............
#....@................
#..g.g.##.............
#.....g........#.....#
##...........######...
#.'#######+...###....
#.#...#...#..........
#.#...#...#.###....(รท
#(#.......#..........
#.###._.###.#####....


You could see 3 gnolls.

Vanquished Creatures
  An orc wizard (D:3)
  3 adders (D:3)
  A gnoll (D:4)
  2 giant geckos (D:3)
  2 orcs (D:3)
  A ball python (D:3)
  7 bats
  2 giant cockroaches
  14 goblins
  5 hobgoblins
  2 jackals (D:2)
  11 kobolds
  3 quokkas
  A giant newt (D:2)
  7 rats
62 creatures vanquished.

Notes
Turn   | Place    | Note
--------------------------------------------------------------
     0 | D:1      | Inkary the Demonspawn Ice Elementalist began the quest for the Orb.
     0 | D:1      | Reached XP level 1. HP: 13/13 MP: 3/3
   461 | D:1      | Gained mutation: You are partially covered in icy blue scales (AC +1). [demonic ancestry]
   461 | D:1      | Reached XP level 2. HP: 7/19 MP: 0/5
  1666 | D:2      | Learned a level 2 spell: Throw Frost
  1707 | D:2      | Reached XP level 3. HP: 18/24 MP: 6/6
  2422 | D:3      | Learned a level 3 spell: Ozocubu's Armour
  2471 | D:3      | Reached skill level 3 in Ice Magic
  2822 | D:3      | Gained mutation: You have large cloven feet. [demonic ancestry]
  2822 | D:3      | Reached XP level 4. HP: 20/30 MP: 7/7
  3091 | D:3      | Found a sacrificial altar of Ru.
  3175 | D:3      | HP: 1/31 [gnoll/spear (8)]
  3175 | D:3      | Mangled by a gnoll

Action                   |  1- 3 |  4- 6 || total
-------------------------+-------+-------++-------
Melee: Short sword       |    44 |       ||    44
       Unarmed           |     8 |       ||     8
       Club              |     1 |       ||     1
       Whip              |    40 |    17 ||    57
 Cast: Freeze            |    31 |     1 ||    32
       Throw Frost       |    36 |    13 ||    49
       Ozocubu's Armour  |     1 |     1 ||     2
  Use: Scroll            |     6 |       ||     6
 Stab: Sleeping          |     5 |       ||     5
       Invisible         |       |     2 ||     2
       Paralysed         |       |     2 ||     2
  Eat: Chunk             |     9 |     3 ||    12
